 Dungeon Crawl Stone Soup version 0.22-a0-414-gacd343e8ff (webtiles) character file.

4221 Stone the Destroyer (level 10, -7/99 HPs)
             Began as an Octopode Conjurer on May 13, 2018.
             Was an Elder of Vehumet.
             Mangled by a wolf (8 damage)
             ... led by Grum
             ... on level 9 of the Dungeon on May 14, 2018.
             The game lasted 00:37:13 (9560 turns).

Stone the Destroyer (Octopode Conjurer)             Turns: 9560, Time: 00:37:13

Health: -7/99      AC:  1    Str: 12    XL:     10   Next: 30%
Magic:  2/22       EV: 15    Int: 21    God:    Vehumet [****..]
Gold:   441        SH:  0    Dex: 13    Spells: 15/25 levels left

rFire    + . .     SeeInvis .   u - +4 glaive (protect)
rCold    . . .     Gourm    .   (shield currently unavailable)
rNeg     . . .     Faith    .   (helmet restricted)
rPois    .         Spirit   .   r - amulet of the acrobat
rElec    .         Reflect  .   a - ring of protection from fire
rCorr    .         Harm     .   (no ring)
MR       .....                  (no ring)
Stlth    ..........             (no ring)
HPRegen  0.26/turn              (no ring)
MPRegen  0.18/turn              (no ring)
                                (no ring)
                                (no ring)

@: berserking, very quick
A: almost no armour, stealthy swim, amphibious, 8 rings, constrict 8, camouflage
1, gelatinous body 1
a: Renounce Religion


You were on level 9 of the Dungeon.
You worshipped Vehumet.
Vehumet was greatly pleased with you.
You were hungry.

You visited 2 branches of the dungeon, and saw 10 of its levels.
You also visited: Ossuary.

You collected 441 gold pieces.

Inventory:

Hand Weapons
 u - a +4 glaive of protection (weapon)
 w - a +0 falchion of holy wrath
Missiles
 m - 4 poisoned javelins (quivered)
 o - a throwing net
Jewellery
 a - a ring of protection from fire (left tentacle)
 p - an uncursed amulet of rage
 r - an amulet of the acrobat (around mantle)
Wands
 x - a wand of flame (47)
 y - a wand of scattershot (4)
 D - a wand of iceblast (11)
Scrolls
 c - 4 scrolls of remove curse
 d - a scroll of amnesia
 e - 2 scrolls of identify
 f - 3 scrolls of teleportation
 n - a scroll of blinking
 q - 2 scrolls of enchant armour
 v - 2 scrolls of immolation
 C - a scroll of fog
Potions
 g - 5 potions of curing
 h - a potion of ambrosia
 j - a potion of flight
 l - 2 potions of heal wounds
 s - a potion of brilliance
 t - 3 potions of might
 z - 2 potions of haste
 A - 2 potions of mutation {unknown}
 B - a potion of lignification
Miscellaneous
 i - a crystal ball of energy
Comestibles
 b - 9 rations


   Skills:
 + Level 5.2 Fighting
 + Level 5.2 Dodging
 - Level 2.6 Stealth
 + Level 8.4 Spellcasting
 + Level 10.0 Conjurations


You had 15 spell levels left.
You knew the following spells:

 Your Spells              Type           Power        Failure   Level  Hunger
a - Magic Dart            Conj           ####         1%          1    None
b - Searing Ray           Conj           ######       1%          2    None
c - Iskenderun's Mystic   Conj           ######..     1%          4    ###....
d - Dazzling Spray        Conj/Hex       ####..       1%          3    None

Your spell library contained the following spells:

 Spells                   Type           Power        Failure   Level  Hunger
 Apportation              Tloc           #.....       8%          1    None
 Summon Small Mammal      Summ           #...         8%          1    None
 Animate Skeleton         Necr           N/A          8%          1    None
 Regeneration             Chrm/Necr      #.........   22%         3    None
 Confusing Touch          Hex            #.....       8%          1    None
 Shroud of Golubria       Chrm/Tloc      #.........   12%         2    None
 Fulminant Prism          Conj/Hex       ####......   2%          4    ###....
 Force Lance              Conj/Tloc      ####....     2%          4    ###....
 Infusion                 Chrm           #...         8%          1    None
 Song of Slaying          Chrm           #.......     12%         2    None
 Spectral Weapon          Hex/Chrm       #.......     22%         3    None


Dungeon Overview and Level Annotations

Branches:
Dungeon (9/15)             Temple (1/1) D:6
   Lair: D:8-11         Orc: D:9-12

Altars:
Ashenzari
Dithmenos
Fedhas
Hepliaklqana
Kikubaaqudgha
Makhleb
Nemelex Xobeh
Okawaru
Qazlal
Ru
Trog
Uskayaw
Vehumet
Wu Jian
Xom
Yredelemnul
Zin
The Shining One
Lugonu

Shops:
D:7 [

Annotations:
D:3 Sigmund
D:7 Joseph


Innate Abilities, Weirdness & Mutations

You cannot wear most types of armour.
You are very stealthy in the water. (Stealth+)
You are amphibious.
You can wear up to eight rings at the same time.
You can use your tentacles to constrict eight enemies at once.
Your skin changes colour to match your surroundings (Stealth+).
Your rubbery body absorbs attacks. (AC +1, EV +1)


Message History

A red film seems to cover your vision as you go berserk!
You feel yourself moving faster!
You feel mighty! The wolf bites you!
* * * LOW HITPOINT WARNING * * *
The wolf closely misses you. x3
You miss the wolf. You grab the wolf.
You kill the wolf!
Vehumet accepts your kill.
Vehumet is extending the range of your destructive magics.
Your Conjurations skill increases to level 10!
The wolf bites you!
* * * LOW HITPOINT WARNING * * *
The wolf bites you.
* * * LOW HITPOINT WARNING * * *
The wolf closely misses you.
You barely miss the wolf. You grab the wolf.
The wolf is severely wounded.
You constrict the wolf. The wolf completely misses you. The wolf bites you.
* * * LOW HITPOINT WARNING * * *
The wolf barely misses you. The wolf bites you!
You die...

#...........##..##..........#.
#...........##..##..........#.
#...........##..##..........#.
#........)..##..##..........#.
#...........##..##<.........#.
........†.....##..............#.
h$.(...)......##..............#.
.#............##...##.######..#.
#............h@...##.# #..#.
#............h#...##.# #....
#.............#...##.# #..##
#.............#...##.# #..##
.............#...##.# #..##
............#...##.# #..##
....####...#...##.# #..## ...
#...#...##÷######..##
#...##.........##


You could see 2 wolves.

Vanquished Creatures
  Prince Ribbit (D:8)
  A hippogriff (D:8)
  3 yaks (D:9)
  Grum (D:9)
  Menkaure (D:6)
  2 ice beasts
  2 orc warriors
  2 phantoms (D:4)
  5 ogres
  2 wolves (D:9)
  A centaur (D:6)
  4 bullfrogs
  Blork the orc (D:6)
  A wyvern skeleton (D:6)
  2 scorpions
  3 wights
  A howler monkey (D:7)
  An electric eel (D:6)
  6 crimson imps
  8 orc wizards
  A bullfrog zombie (D:6)
  A bullfrog skeleton (D:6)
  A centaur zombie (D:6)
  2 hounds
  5 orc priests
  Jessica (D:3)
  2 iguanas
  3 worker ants
  6 big kobold zombies (Ossuary)
  A hound zombie (D:8)
  A mummy (Ossuary)
  A worker ant zombie (D:6)
  11 adders
  A shadow imp (D:7)
  2 adder skeletons
  2 dart slugs
  5 leopard geckos
  27 orcs
  6 spectral bats (Ossuary)
  4 bats (D:3)
  8 giant cockroaches
  8 goblins
  6 hobgoblins
  9 jackals
  5 kobolds
  9 quokkas
  3 bat simulacra (Ossuary)
  5 frilled lizards
  6 gnoll zombies (Ossuary)
  3 goblin simulacra (Ossuary)
  4 goblin zombies (Ossuary)
  4 hobgoblin zombies (Ossuary)
  A jackal zombie (D:7)
  3 kobold simulacra (Ossuary)
  3 kobold zombies (Ossuary)
  7 orc zombies (Ossuary)
  5 rats
  3 rat simulacra (Ossuary)
  2 spectral goblins (Ossuary)
  8 spectral kobolds (Ossuary)
  6 spectral rats (Ossuary)
239 creatures vanquished.

Vanquished Creatures (others)
  A human (D:3)
1 creature vanquished.

Grand Total: 240 creatures vanquished

Notes
Turn   | Place    | Note
-------+----------+-------------------------------------------
     0 | D:1      | Stone the Octopode Conjurer began the quest for the Orb.
     0 | D:1      | Reached XP level 1. HP: 11/11 MP: 3/3
    75 | D:1      | Reached XP level 2. HP: 3/17 MP: 0/5
   938 | D:1      | Reached XP level 3. HP: 21/21 MP: 3/6
  1255 | D:2      | Found a shadowy altar of Dithmenos.
  1471 | D:2      | Found a glowing silver altar of Zin.
  1472 | D:2      | Found a burning altar of Makhleb.
  1473 | D:2      | Noticed an angel
  1475 | D:2      | Noticed a cacodemon
  1485 | D:2      | Reached skill level 5 in Conjurations
  1610 | D:2      | Reached XP level 4. HP: 27/27 MP: 2/7
  1666 | D:2      | Learned a level 2 spell: Searing Ray
  1762 | D:3      | Found a shattered altar of Ashenzari.
  1775 | D:3      | Noticed Sigmund
  1810 | D:3      | Noticed Jessica
  1816 | D:3      | Killed Jessica
  2034 | D:3      | Found an ancient bone altar of Kikubaaqudgha.
  2034 | D:3      | Noticed a human
  2037 | D:3      | Reached XP level 5. HP: 30/31 MP: 5/9
  2038 | D:3      | Killed a human
  2825 | D:4      | Noticed a phantom
  2882 | D:4      | Killed a phantom
  2882 | D:4      | Reached skill level 6 in Conjurations
  2882 | D:4      | Reached XP level 6. HP: 14/37 MP: 0/11
  3097 | D:4      | Noticed a phantom
  3133 | D:4      | Killed a phantom
  3133 | D:4      | Reached skill level 1 in Fighting
  3133 | D:4      | Reached XP level 7. HP: 33/43 MP: 1/13
  3512 | D:4      | Found a sparkling altar of Nemelex Xobeh.
  3974 | D:5      | Entered Level 5 of the Dungeon
  4508 | D:5      | Learned a level 4 spell: Iskenderun's Mystic Blast
  4672 | D:5      | Reached skill level 7 in Conjurations
  5256 | D:5      | Learned a level 3 spell: Dazzling Spray
  5305 | D:6      | Found a staircase to the Ecumenical Temple.
  5314 | Temple   | Entered the Ecumenical Temple
  5329 | Temple   | Became a worshipper of Vehumet
  5354 | D:6      | Reached skill level 5 in Spellcasting
  5524 | D:6      | Found a hide-covered altar of Uskayaw.
  5525 | D:6      | Found an ornate altar of the Wu Jian Council.
  5604 | D:6      | Noticed Blork the orc
  5674 | D:6      | Killed Blork the orc
  5674 | D:6      | Reached XP level 8. HP: 33/48 MP: 3/16
  5681 | D:6      | Noticed Menkaure
  6036 | D:6      | Killed Menkaure
  6111 | D:6      | Reached skill level 8 in Conjurations
  6642 | D:7      | Reached * piety under Vehumet
  6642 | D:7      | Offered knowledge of Sandblast by Vehumet.
  6648 | D:7      | Found an iron altar of Okawaru.
  6757 | D:7      | Found a bloodstained altar of Trog.
  6839 | D:7      | Reached XP level 9. HP: 54/54 MP: 14/19
  6887 | D:7      | Found a hazy altar of Hepliaklqana.
  6888 | D:7      | Found a shimmering altar of Xom.
  6888 | D:7      | Noticed a tentacled monstrosity
  6889 | D:7      | Noticed a spectral ugly thing
  6889 | D:7      | Noticed a tentacled monstrosity
  7074 | D:7      | Reached skill level 9 in Conjurations
  7273 | D:7      | Noticed Joseph
  7312 | D:7      | Found Zues's Antique Armour Boutique.
  7699 | D:8      | Found a hazy altar of Hepliaklqana.
  7750 | D:8      | Noticed Prince Ribbit
  7759 | D:8      | Killed Prince Ribbit
  7876 | D:8      | Found a stormy altar of Qazlal.
  7950 | D:8      | Found a sand-covered staircase.
  7964 | Ossuary  | Entered an ossuary
  7995 | Ossuary  | Offered knowledge of Freeze by Vehumet.
  8007 | Ossuary  | Reached ** piety under Vehumet
  8099 | Ossuary  | Reached *** piety under Vehumet
  8099 | Ossuary  | Offered knowledge of Static Discharge by Vehumet.
  8276 | Ossuary  | Offered knowledge of Inner Flame by Vehumet.
  8558 | D:8      | Found a sacrificial altar of Ru.
  8602 | D:8      | Reached XP level 10. HP: 62/63 MP: 20/22
  9030 | D:9      | Noticed a two-headed ogre
  9192 | D:9      | Reached skill level 5 in Dodging
  9543 | D:9      | Noticed Grum
  9544 | D:9      | Reached skill level 5 in Fighting
  9551 | D:9      | Killed Grum
  9559 | D:9      | Reached **** piety under Vehumet
  9559 | D:9      | Reached skill level 10 in Conjurations
  9560 | D:9      | HP: 1/99 [wolf[Grum] (4)]
  9560 | D:9      | Mangled by a wolf

Vault maps used:
D:1:      dpeg_arrival_windows_large_door, minivault_27
D:2:      grunt_temple_overflow_order_and_chaos_2,
          nicolae_dithmenos_shadow_blocks, first_ration
D:3:      ashenzari_altar_1, tgw_kikubaaqudgha, uniq_jessica, uniq_sigmund
D:4:      nicolae_overflow_hidden_temple
D:5:      minmay_misc_feat_ornament
D:6:      wad_river_or_something, gammafunk_temple_overflow_pools,
          grunt_ministairs_12, uniq_menkaure, uniq_blork_the_orc
D:7:      regret_index_temple_of_mockery, nicolae_overflow_crystal_walls,
          bloody_trog, serial_shops, nicolae_shop_overgrown_old_shop,
          uniq_joseph
D:8:      lemuel_coloured_pillars_altar, grunt_qazlal_sundering,
          nicolae_ossuary_entry_plus, basic_altar, uniq_prince_ribbit1
D:9:      gammafunk_temple_overflow_wave, grunt_ogre_cave, uniq_grum
Temple:   corrupted_temple
Ossuary:  ossuary_zaba_two_paths

Skill      XL: |  1  2  3  4  5  6  7  8  9 10 |
---------------+-------------------------------+-----
Conjurations   | 5 6 7 8 9 10 | 10.0
Spellcasting   | 3 4 5 6 8 |  8.4
Fighting       | 1 2 4 5 |  5.2
Dodging        | 3 4 5 |  5.2
Stealth        | |  2.6

Action                   |  1- 3 |  4- 6 |  7- 9 | 10-12 || total
-------------------------+-------+-------+-------+-------++-------
Melee: Unarmed           |    19 |    35 |       |       ||    54
       Constrict         |     4 |     3 |    37 |     5 ||    49
       Tentacles         |     1 |     4 |    24 |     1 ||    30
       Glaive            |       |       |   162 |    16 ||   178
 Cast: Magic Dart        |    64 |    98 |   131 |    13 ||   306
       Searing Ray       |       |     4 |    37 |    10 ||    51
       Iskenderun's Myst |       |       |    14 |     2 ||    16
       Dazzling Spray    |       |       |       |     4 ||     4
  Use: Potion            |       |     4 |     2 |     1 ||     7
       Scroll            |       |       |    11 |     3 ||    14
 Stab: Sleeping          |       |       |     5 |       ||     5
  Eat: Chunk             |     3 |     4 |    14 |     1 ||    22
       Ration            |       |       |     2 |       ||     2
Armor: Skin              |     1 |     3 |    43 |     2 ||    49
Dodge: Dodged            |    15 |    24 |   163 |    53 ||   255

Table legend:
 A = Spawn XP
 B = Non-spawn XP
 C = Spawn XP percentage of total XP
 D = Spawn monster count
 E = Non-spawn monster count
 F = Spawn count percentage of total count
 G = Total turns spent on level
                    A         B        C        D         E        F      G
               +---------+---------+-------+---------+---------+-------+---------
         Total |       0 |    6030 |   0.0 |       0 |     239 |   0.0 |  9560
               +---------+---------+-------+---------+---------+-------+---------
           D:1 |       0 |      34 |   0.0 |       0 |      18 |   0.0 |  1113
           D:2 |       0 |     104 |   0.0 |       0 |      21 |   0.0 |  1061
           D:3 |       0 |     140 |   0.0 |       0 |      25 |   0.0 |   651
           D:4 |       0 |     405 |   0.0 |       0 |      13 |   0.0 |  1438
           D:5 |       0 |     244 |   0.0 |       0 |      10 |   0.0 |  1041
           D:6 |       0 |    1236 |   0.0 |       0 |      29 |   0.0 |  1302
           D:7 |       0 |    1223 |   0.0 |       0 |      26 |   0.0 |  1057
           D:8 |       0 |    1226 |   0.0 |       0 |      23 |   0.0 |   986
           D:9 |       0 |    1176 |   0.0 |       0 |       9 |   0.0 |   499
       Ossuary |       0 |     242 |   0.0 |       0 |      65 |   0.0 |   381
               +---------+---------+-------+---------+---------+-------+---------
